 Dungeon Crawl Stone Soup version 0.31.0-11-ge490571c62 (webtiles) character file.

Game seed: 15811593440154742000

130 qw the Ducker (level 4, 0/23 HPs)
             Began as a Spriggan Hunter on Feb 4, 2024.
             Succumbed to a water moccasin's poison
             ... on level 3 of the Dungeon.
             The game lasted 00:00:09 (2235 turns).

qw the Ducker (Spriggan Hunter)                     Turns: 2235, Time: 00:00:09

Health: 0/23       AC:  3    Str:  7    XL:     4   Next: 89%
Magic:  5/5        EV: 20    Int: 10    God:
Gold:   121        SH:  0    Dex: 20    Spells: 3/3 levels left

rFire   . . .        a - +0 shortbow
rCold   . . .        (shield currently unavailable)
rNeg    . . .        c - +0 robe
rPois   .            (helmet restricted)
rElec   .            e - +0 cloak
rCorr   .            (gloves unavailable)
SInv    +            (boots unavailable)
Will    .....        (no amulet)
Stlth   ++           (no ring)
HPRegen 0.23/turn    (no ring)
MPRegen 0.09/turn

%: no passive effects
@: lethally poisoned (0 -> -4), very quick
A: very small, no large weapons, unfitting armour, see invisible, speed 3
a: no special abilities


You were on level 3 of the Dungeon.
You visited 1 branch of the dungeon, and saw 3 of its levels.

You collected 121 gold pieces.


Innate Abilities, Weirdness & Mutations

You are very small and have problems with some larger weapons.
You are too small for most types of armour.
You have supernaturally acute eyesight. (SInv)
You cover ground extremely quickly. (Speed+++)


   Skills:
 + Level 1.8 Fighting
 - Level 5.1 Ranged Weapons
 - Level 5.2 Dodging
 - Level 1.5 Stealth


You had 3 spell levels left.
You didn't know any spells.
Your spell library was empty.

Inventory:

Hand Weapons
 a - a +0 shortbow (weapon)
Armour
 c - a +0 robe (worn)
 e - a +0 cloak (worn)
Scrolls
 f - a scroll of summoning {unknown}
 h - 3 scrolls of enchant weapon {unknown}
 i - a scroll of silence {unknown}
 j - a scroll of identify
Potions
 b - a potion of heal wounds {unknown}
 d - 2 potions of curing
 g - a potion of cancellation {unknown}

Dungeon Overview and Level Annotations

Branches:
Dungeon (3/15)

Altars:
Ru

Annotations:
D:3 3 runed translucent doors, qw's ghost, amateur SpHu


Message History

You shoot an arrow. The arrow hits the water moccasin.
The water moccasin hisses angrily.
The water moccasin is lightly wounded.
You shoot an arrow. The arrow misses the water moccasin.
You shoot an arrow. The arrow hits the water moccasin.
The water moccasin is lightly wounded.
The water moccasin completely misses you.
The water moccasin misses you.
You shoot an arrow. The arrow hits the water moccasin.
The water moccasin is moderately wounded.
The water moccasin completely misses you.
You shoot an arrow. The arrow hits the water moccasin.
The water moccasin is moderately wounded.
The water moccasin barely misses you. The water moccasin bites you.
You are poisoned.
The water moccasin poisons you!
You shoot an arrow.
The arrow barely misses the water moccasin.
You feel very sick. The water moccasin closely misses you.
You shoot an arrow. The arrow hits the water moccasin.
The water moccasin is heavily wounded.
You feel very sick. The water moccasin barely misses you.
The water moccasin bites you.
You shoot an arrow.
The arrow closely misses the water moccasin.
You feel sick.
The water moccasin completely misses you.
You shoot an arrow.
The arrow hits the water moccasin but does no damage.
The water moccasin is heavily wounded.
You feel sick. The water moccasin bites you. x2
You shoot an arrow.
The arrow barely misses the water moccasin.
You feel sick.
The water moccasin completely misses you.
The water moccasin closely misses you.
You shoot an arrow. The arrow hits the water moccasin.
The water moccasin is heavily wounded.
You die...

......#..#...........#.#...#..#.#
..([..#........#######..).....#.#
##.##.#...............#########.#
##.# .#........<.........
##.##.#.......##..###.##
......#.......+.#.#
rWK...#.......#.#.#
#+++###..####.#.#.###.#
.........# #...@S....#
.........####.#.#.......
...........##.#.########
##.........##.#.#
#.........##.#.# #.........##.#.#
#.........##.#.#
##.........##.#.#
...........##.#.#


You could see a water moccasin.

Vanquished Creatures
  Jessica (D:2)
  Robin (D:2)
  An adder (D:2)
  A ribbon worm (D:2)
  A dart slug (D:3)
  5 ball pythons
  11 endoplasms
  A giant cockroach (D:1)
  5 hobgoblins
  11 jackals (D:2)
  3 quokkas
  7 bats
  3 frilled lizards
  7 goblins
  5 kobolds
  8 rats
71 creatures vanquished.

Notes
Turn   | Place    | Note
-------+----------+-------------------------------------------
     0 | D:1      | qw the Spriggan Hunter began the quest for the Orb.
     0 | D:1      | Reached XP level 1. HP: 10/10 MP: 2/2
     0 | D:1      | 0 ||| qw: Version: 0.3-a-160-g6735b56
     0 | D:1      | 0 ||| qw: Game counter: 4908
     0 | D:1      | 0 ||| qw: Melee chars always use a shield: true
     0 | D:1      | 0 ||| qw: God list: Okawaru
     0 | D:1      | 0 ||| qw: Allow faded altars: false
     0 | D:1      | 0 ||| qw: Do Orc after clearing Dungeon:15 true
     0 | D:1      | 0 ||| qw: Do second Lair branch before Depths: true
     0 | D:1      | 0 ||| qw: Lair rune preference: random
     0 | D:1      | 0 ||| qw: Goals: Normal
     0 | D:1      | 0 ||| PLANNING D:1-11
   125 | D:1      | Reached skill level 3 in Dodging
   190 | D:1      | Reached XP level 2. HP: 14/14 MP: 3/3
   350 | D:1      | Reached XP level 3. HP: 16/18 MP: 4/4
   893 | D:1      | 893 ||| UPGRADING to +0 cloak.
   898 | D:1      | 898 ||| DROPPING ring of magical power.
   899 | D:1      | 899 ||| READING scroll labelled PYUPHI HETS.
   900 | D:1      | 900 ||| READING 2 scrolls labelled WUSOMO PUJEFFY.
   900 | D:1      | 900 ||| IDENTIFYING cyan potion
   901 | D:1      | 901 ||| READING scroll of identify.
   901 | D:1      | 901 ||| IDENTIFYING glowing golden potion
   902 | D:1      | 902 ||| READING scroll labelled ODWAPT AQOONEPE.
   903 | D:1      | 903 ||| READING scroll labelled KOUBUR SOTEY.
   904 | D:1      | 904 ||| DROPPING scroll of butterflies.
   905 | D:1      | 905 ||| DROPPING potion of berserk rage.
  1005 | D:2      | Noticed Jessica
  1010 | D:2      | Killed Jessica
  1088 | D:2      | Reached XP level 4. HP: 22/22 MP: 5/5
  1295 | D:2      | Found a sacrificial altar of Ru.
  1855 | D:2      | Identified the +0 scale mail "Enousur" {rN+}
  1867 | D:2      | Noticed Robin
  1884 | D:2      | Killed Robin
  1948 | D:2      | 1948 ||| READING scroll labelled WUCRAU LUTA.
  1952 | D:2      | 1952 ||| DRINKING 2 orange potions.
  1953 | D:2      | 1953 ||| DROPPING potion of attraction.
  2085 | D:3      | Noticed qw's ghost (amateur SpHu)
  2097 | D:3      | Found a runed translucent gate.
  2112 | D:3      | Found a runed translucent gate.
  2114 | D:3      | Found a runed translucent gate.
  2223 | D:3      | Noticed a water moccasin
  2233 | D:3      | HP: 4/23 [water moccasin (2)]
  2235 | D:3      | Succumbed to a water moccasin's poison

Levels and vault maps discovered:
D:1:      onia_arrival_mini_spirals, layout_basic, serial_forest,
          infiniplex_forest_clump_diagonal, infiniplex_forest_split,
          infiniplex_forest_clump_double, infiniplex_forest_clump_large,
          infiniplex_forest_diagonal, infiniplex_forest_side_room,
          infiniplex_forest_clump_double, infiniplex_forest_diagonal,
          minmay_tromino_v2
D:2:      layout_basic, basic_altar, uniq_robin, uniq_jessica
D:3:      layout_basic, ebering_ecumenical_altar_abandoned,
          gammafunk_ghost_split

Skill      XL: |  1  2  3  4 |
---------------+-------------+-----
Dodging        | 3 4 5 |  5.2
Ranged Weapons | 5 |  5.1
Fighting       | |  1.8
Stealth        | |  1.5

Action                     |  1- 3 |  4- 6 || total
---------------------------+-------+-------++-------
   Fire: Shortbow          |    87 |    97 ||   184
    Use: Scroll            |     5 |     1 ||     6
         Potion            |       |     1 ||     1
 Armour: Robe              |     6 |    13 ||    19
  Dodge: Dodged            |    18 |    49 ||    67

Table legend:
 A = Non-vault XP
 B = Vault XP
 C = Vault XP percentage of total XP
 D = Non-vault monster count
 E = Vault monster count
 F = Vault count percentage of total count
                 A         B        C        D         E       F
            +---------+---------+-------+---------+---------+-------
      Total |     121 |      65 |  34.9 |      62 |       9 |  12.7
            +---------+---------+-------+---------+---------+-------
        D:1 |      55 |       1 |   1.8 |      35 |       1 |   2.8
        D:2 |      51 |      64 |  55.7 |      20 |       8 |  28.6
        D:3 |      15 |       0 |   0.0 |       7 |       0 |   0.0
            +---------+---------+-------+---------+---------+-------
